 Dungeon Crawl Stone Soup version 0.17.1-3-g152610e (webtiles) character file.

2524 Jerry the Blocker (level 9, 0/64 HPs)
             Began as a Formicid Fighter on Apr 7, 2016.
             Was a Follower of the Shining One.
             Slain by Pikel
             ... wielding a +2 whip of freezing
              (3 damage)
             ... on level 9 of the Dungeon.
             The game lasted 00:29:08 (6937 turns).

Jerry the Blocker (Formicid Fighter)                Turns: 6937, Time: 00:29:10

Health: 0/64       AC: 10    Str: 25    XL:     9   Next: 84%
Magic:  9/9        EV: 11    Int:  7    God:    the Shining One [*.....]
Gold:   374        SH: 12    Dex: 10    Spells: 0 memorised, 8 levels left

rFire  . . .     SeeInvis +     a - +1 war axe
rCold  . . .     Clarity  .     b - +3 leather armour {MR+}
rNeg   . . .     SustAt   .     c - +0 shield
rPois  .         Gourm    .     (helmet unavailable)
rElec  .         Spirit   .     h - +0 cloak
rCorr  .         Warding  .     p - +1 pair of gloves
rMut   .         Stasis   +     (no boots)
MR     +....                    (no amulet)
Stlth  +.........               (no ring)
                                k - ring of wizardry

@: glowing, somewhat resistant to hostile enchantments, very unstealthy
A: permanent stasis, dig shafts and tunnels, four strong arms, antennae 3
a: Dig, Shaft Self, Renounce Religion


You were on level 9 of the Dungeon.
You worshipped the Shining One.
The Shining One was aware of your devotion.
You were not hungry.

You visited 1 branch of the dungeon, and saw 8 of its levels.

You collected 374 gold pieces.

Inventory:

Hand Weapons
 a - a +1 war axe (weapon)
Armour
 b - a +3 leather armour of magic resistance (worn)
 c - a +0 shield (worn)
 f - a +0 ring mail of cold resistance
 h - a +0 cloak (worn)
 p - a +1 pair of gloves (worn)
 y - a +2 ring mail of fire resistance
Rods
 n - a +0 rod of destruction (13/13)
   (You found it on level 5 of the Dungeon)
Jewellery
 k - a ring of wizardry (left hand)
Wands
 d - a wand of paralysis (8)
 C - a wand of frost (28)
Scrolls
 g - 3 scrolls of fear
 i - 7 scrolls of identify
 j - 2 scrolls of enchant weapon
 l - 4 scrolls of remove curse
 o - 2 scrolls of fog
 r - 2 scrolls of enchant armour
 z - a scroll of blinking {unknown}
 G - a scroll of amnesia {unknown}
Potions
 m - 3 potions of curing
 q - a potion of lignification
 t - a potion of magic {unknown}
 u - a potion of heal wounds
 v - a potion of mutation {unknown}
 B - 2 potions of cure mutation {unknown}
 D - a potion of brilliance
 E - a potion of poison {unknown}
Books
 w - a book of Beasts

   Spells                             Type                      Level
   a - Summon Butterflies             Summoning                    1
   b - Call Canine Familiar           Summoning                    3
   c - Summon Ice Beast               Ice/Summoning                4
   d - Summon Mana Viper              Hexes/Summoning              5
   e - Summon Hydra                   Summoning                    7
Comestibles
 e - 7 bread rations
 s - a meat ration
 x - a beef jerky
 A - 2 fruits
 F - 4 chunks of flesh


   Skills:
 - Level 3.3 Fighting
 + Level 6.5 Axes
 + Level 8.0 Armour
 + Level 10.9 Shields


You had 8 spell levels left.
You didn't know any spells.

Dungeon Overview and Level Annotations

Branches:
Dungeon (9/15)
 Temple: D:4-7         Lair: D:8-11         Orc: D:9-12

Altars:
Ashenzari
Dithmenos
Makhleb
Okawaru
Qazlal
Ru
Sif Muna
Xom
The Shining One

Annotations:
D:9 Pikel


Innate Abilities, Weirdness & Mutations

You are under a permanent stasis effect.
You can dig through walls and to a lower floor.
Your four strong arms can wield two-handed weapons with a shield.
You have a pair of large antennae on your head (SInv).


Message History

You barely miss the slave.
The slave is severely wounded.
You block the slave's attack.
The crimson imp blinks!
Pikel hits you but does no damage. You block the slave's attack.
Unknown command.
You barely miss Pikel.
Pikel is severely wounded.
You hit the slave.
The slave is almost dead.
Pikel says, "I knew I should've brought a map."
You block Pikel's attack. The slave hits you but does no damage.
Unknown command.
You hit Pikel.
Pikel is almost dead.
You slash the slave!
You kill the slave!
That felt strangely unrewarding.
Pikel hits you with a whip of freezing. The Shining One protects you from harm!
Pikel freezes you.
You die...

.# ... .###
..5.
...###....
#.........
#.......
#..... ##.[K#
##.[@# #..[)#
#...## #...#
#..## #...##
#....#####
##.......####
####.......###


You could see Pikel and a crimson imp.

Vanquished Creatures
  The ghost of Gargoyl the Skirmisher, an amateur DsAK of Lugonu (D:4)
  Grinder (D:4)
  Sigmund (D:4)
  A hippogriff (D:7)
  Duvessa (D:4)
  A sky beast (D:5)
  An ice beast (D:6)
  2 slaves (D:9)
  2 phantoms (D:9)
  Blork the orc (D:4)
  2 big kobolds
  3 giant frogs
  Dowan (D:4)
  A crimson imp (D:5)
  A giant frog zombie (D:9)
  A jelly (D:5)
  Crazy Yiuf (D:6)
  An iguana (D:6)
  5 orc priests (D:9)
  Terence (D:3)
  A gnoll shaman (D:9)
  Natasha (D:4)
  3 orc wizards
  5 worker ants
  A hound skeleton (D:5)
  13 adders
  6 gnolls
  3 shadow imps
  2 oozes
  2 adder skeletons
  2 adder zombies
  4 worms
  3 giant geckos
  21 orcs
  2 ball pythons
  9 giant cockroaches
  7 goblins
  6 hobgoblins
  9 jackals
  7 bats
  2 giant gecko skeletons
  3 giant newts (D:1)
  2 goblin zombies (D:7)
  20 kobolds
  A kobold skeleton (D:7)
  2 orc zombies (D:7)
  A quokka (D:9)
  12 rats
179 creatures vanquished.

Notes
Turn   | Place    | Note
--------------------------------------------------------------
     0 | D:1      | Jerry the Formicid Fighter began the quest for the Orb.
     0 | D:1      | Reached XP level 1. HP: 18/18 MP: 1/1
   222 | D:1      | Reached XP level 2. HP: 24/24 MP: 2/2
   619 | D:1      | Reached XP level 3. HP: 27/29 MP: 3/3
   764 | D:2      | Reached skill level 4 in Shields
   848 | D:2      | Found a stormy altar of Qazlal.
   853 | D:2      | Found an iron altar of Okawaru.
  1047 | D:2      | Reached XP level 4. HP: 35/35 MP: 4/4
  1553 | D:3      | Found a shadowy altar of Dithmenos.
  1760 | D:3      | Reached skill level 5 in Shields
  1768 | D:3      | Reached XP level 5. HP: 36/41 MP: 5/5
  2174 | D:3      | Noticed Terence
  2205 | D:3      | Killed Terence
  2786 | D:3      | Reached XP level 6. HP: 47/47 MP: 6/6
  2803 | D:4      | Found a burning altar of Makhleb.
  2815 | D:4      | Noticed Gargoyl's ghost (amateur DsAK)
  2824 | D:4      | Killed Gargoyl's ghost
  2824 | D:4      | Reached skill level 5 in Armour
  2824 | D:4      | Reached skill level 6 in Shields
  2824 | D:4      | Reached XP level 7. HP: 43/52 MP: 7/7
  2928 | D:4      | Noticed Sigmund
  2940 | D:4      | Killed Sigmund
  2940 | D:4      | Reached skill level 7 in Shields
  3000 | D:4      | Noticed Dowan
  3028 | D:4      | Killed Dowan
  3051 | D:4      | Noticed Duvessa
  3082 | D:4      | Killed Duvessa
  3082 | D:4      | Reached XP level 8. HP: 13/58 MP: 8/8
  3413 | D:4      | Noticed Blork the orc
  3434 | D:4      | Killed Blork the orc
  3434 | D:4      | Reached skill level 8 in Shields
  3744 | D:4      | Noticed Natasha
  3751 | D:4      | Killed Natasha
  3911 | D:4      | Noticed Grinder
  3928 | D:4      | Killed Grinder
  4353 | D:5      | Entered Level 5 of the Dungeon
  4458 | D:5      | Reached skill level 9 in Shields
  4485 | D:5      | Identified a +0 rod of destruction (13/13) (You found it on level 5 of the Dungeon)
  4498 | D:5      | Reached skill level 5 in Axes
  4552 | D:5      | Found a shattered altar of Ashenzari.
  4552 | D:5      | Found a sacrificial altar of Ru.
  4553 | D:5      | Found a shimmering altar of Xom.
  5159 | D:6      | Reached XP level 9. HP: 48/64 MP: 9/9
  5314 | D:6      | Noticed Crazy Yiuf
  5316 | D:6      | Killed Crazy Yiuf
  5895 | D:6      | Found a deep blue altar of Sif Muna.
  5987 | D:7      | Reached skill level 10 in Shields
  6032 | D:7      | Found a glowing golden altar of the Shining One.
  6059 | D:7      | Became a worshipper of the Shining One
  6069 | D:7      | You fall through a shaft for 2 floors!
  6751 | D:9      | Reached * piety under the Shining One
  6923 | D:9      | Noticed Pikel
  6933 | D:9      | HP: 2/64 [slave[Pikel] (5)]
  6937 | D:9      | The Shining One protects you from harm!
  6937 | D:9      | Slain by Pikel

Action                   |  1- 3 |  4- 6 |  7- 9 || total
-------------------------+-------+-------+-------++-------
Melee: War axe           |   126 |   157 |   365 ||   648
 Abil: Shaft Self        |       |       |     1 ||     1
Evoke: Wand              |       |       |     2 ||     2
       Rod               |       |       |     3 ||     3
  Use: Potion            |       |     1 |     8 ||     9
       Scroll            |       |       |     9 ||     9
 Stab: Paralysed         |       |       |     6 ||     6
  Eat: Chunk             |     1 |     6 |    13 ||    20
       Fruit             |       |       |     2 ||     2
